 Dungeon Sprint DCSS version 0.19.5 (webtiles) character file.

9308 dwjmeijer the Imperceptible (level 11, -8/47 HPs)
             Began as a Spriggan Enchanter on Apr 28, 2017.
             Was the Champion of Zin.
             Mangled by a demonic crawler (13 damage)
             ... in the Dungeon (Sprint I: "Red Sonja").
             The game lasted 00:24:30 (2088 turns).

dwjmeijer the Imperceptible (Spriggan Enchanter)    Turns: 2088, Time: 00:24:32

Health: -8/47      AC:  5    Str:  7    XL:     11   Next: 21%
Magic:  6/25       EV: 30    Int: 15    God:    Zin [******]
Gold:   17         SH:  0    Dex: 20    Spells: 4 memorised, 25 levels left

rFire  . . .     SeeInvis +     t - +1 rapier of Xom's Reproof {pierce, Str+3}
rCold  . . .     Gourm    .     b - +2 robe
rNeg   + . .     Faith    .     (shield restricted)
rPois  .         Spirit   .     (helmet restricted)
rElec  .         Reflect  .     n - +0 cloak of Ceheyt {rN+ Stlth+}
rCorr  .         Harm     +     (gloves unavailable)
MR     +....     NoTele   +     (boots unavailable)
Stlth  ++++++++++               o - amulet of harm
                                (no ring)
                                s - ring of Shadows {Umbra +Inv Stlth+}

@: slightly contaminated, wreathed by umbra, heavily drained, very quick
A: unfitting armour, see invisible, dopey 1, herbivore 3, speed 3, low mp 1,
slow metabolism 2
a: Recite, Vitalisation, Imprison, Sanctuary, Donate Gold, Cure All Mutations,
Renounce Religion, Evoke Invisibility


You were in the Dungeon.
You worshipped Zin.
Zin was exalted by your worship.
You were not hungry.

You visited 1 branch You collected 1066 gold pieces.
You spent 1028 gold pieces at shops.
You donated 21 gold pieces to Zin.

Inventory:

Hand Weapons
 a - a +1 dagger
 k - a +1 dagger of distortion
 r - a +4 rapier of flaming
 t - the +1 rapier of Xom's Reproof (weapon) {pierce, Str+3}
   (You bought it in a shop in the Dungeon)

   It inflicts extra damage upon your enemies.
   It affects your strength (+3).
Armour
 b - a +2 robe (worn)
 n - the +0 cloak of Ceheyt (worn) {rN+ Stlth+}
   (You bought it in a shop in the Dungeon)

   It protects you from negative energy.
   It makes you more stealthy.
Jewellery
 o - an amulet of harm (around neck)
 s - the ring of Shadows (left hand) {Umbra +Inv Stlth+}
   (You bought it in a shop in the Dungeon)

   [ring of stealth]

   It lets you turn invisible.
   It makes you more stealthy.
Scrolls
 j - a scroll of blinking
 l - 2 scrolls of identify
 m - a scroll of amnesia
Potions
 e - 3 potions of curing
 g - a potion of haste
 h - 2 potions of magic
Books
 c - a book of Maledictions

   Spells                             Type                      Level
   a - Corona                         Hexes                        1
   b - Ensorcelled Hibernation        Hexes/Ice                    2
   c - Confuse                        Hexes                        3
   d - Tukima's Dance                 Hexes                        3
   e - Dazzling Spray                 Conjuration/Hexes            3
Miscellaneous
 p - a phantom mirror
 q - a sack of spiders
Comestibles
 d - 2 bread rations


   Skills:
 - Level 1.1(0.0) Short Blades
 + Level 15.2(12.9) Dodging
 + Level 21.0(18.4) Stealth
 - Level 12.1(10.0) Spellcasting
 + Level 16.9(14.5) Hexes
 - Level 11.0(9.0) Invocations
 + Level 0.6(0.0) Evocations


You had 25 spell levels left.
You knew the following spells:

 Your Spells              Type           Power        Failure   Level  Hunger
a - Corona                Hex            ######.      1%          1    None
b - Ensorcelled Hibernat  Hex/Ice        ####..       1%          2    None
c - Confuse               Hex            ######..     1%          3    None
d - Dazzling Spray        Conj/Hex       ####..       1%          3    None


Dungeon Overview and Level Annotations

Branches:
Dungeon (1/1)

Altars:
Cheibriados
Dithmenos
Elyvilon
Fedhas
Gozag
Hepliaklqana
Kikubaaqudgha
Makhleb
Nemelex Xobeh
Okawaru
Qazlal
Ru
Sif Muna
Trog
Uskayaw
Vehumet
Xom
Yredelemnul
Zin
The Shining One
Jiyva
Lugonu

Shops:
D [[[*=(*=(??(*[(*=[![*


Innate Abilities, Weirdness & Mutations

You are very small and have problems with some larger weapons.
You are too small for most types of armour.
You have supernaturally acute eyesight. (SInv)
You are a herbivore.
You cover ground extremely quickly.
You need consume almost no food.
You are dopey. (Int -2)
Your magical capacity is low. (-10% MP)


Message History

The demonic crawler completely misses you.
You feel much better. The demonic crawler hits you!
The demonic crawler completely misses you. x5
The demonic crawler misses you.
The demonic crawler completely misses you. x2
You closely miss the demonic crawler.
The demonic crawler is lightly wounded.
The demonic crawler misses you. The demonic crawler hits you.
The demonic crawler completely misses you. x2
The demonic crawler misses you.
The demonic crawler completely misses you. x3
The demonic crawler hits you!
You hit the demonic crawler but do no damage.
The demonic crawler is lightly wounded.
The demonic crawler is no longer blind.
The demonic crawler misses you. The demonic crawler hits you!
* * * LOW HITPOINT WARNING * * *
The demonic crawler completely misses you. x4
The demonic crawler barely misses you. x2; The demonic crawler hits you!
You die...

####################
'..#.)'..#__#..'..)#
#.)'..#..'..'..#ss.##+#
##'#####'#__####@ss'..#
#..#...#.####§.#####..+
####..##.#≈≈§.)#..# ##
___##'#..§§§§..'§.#
∩...'..._#§§§.§#..#
.__##_.#'##§#####'###
___###'#.#[.§§###.'.#
######†####'###.###.#
....'...'.....'.∩##.#


You could see 4 demonic crawlers.

Vanquished Creatures
  2 centaur warriors (D)
  Sonja (D)
  2 unseen horrors (D)
  A deep troll (D)
  7 shining eyes (D)
  An oklob plant (D)
  2 kobold demonologists (D)
  A hornet (D)
  A slime creature (D)
  Sigmund (D)
  2 redbacks (D)
  A yak (D)
  6 floating eyes (D)
  7 necrophages (D)
  An ogre (D)
  8 jellies (D)
  Ijyb (D)
  2 ballistomycetes (D)
47 creatures vanquished.

Vanquished Creatures (others)
  A ballistomycete (D)
  2 ballistomycete spores (D)
3 creatures vanquished.

Grand Total: 50 creatures vanquished

Notes
Turn   | Place    | Note
-------+----------+-------------------------------------------
     0 | D        | dwjmeijer the Spriggan Enchanter began the quest for the Orb.
     0 | D        | Reached XP level 1. HP: 9/9 MP: 5/5
     2 | D        | Noticed Ijyb
    12 | D        | Killed Ijyb
    12 | D        | Reached skill level 6 in Stealth
    12 | D        | Reached skill level 5 in Hexes
    12 | D        | Reached XP level 2. HP: 13/13 MP: 5/8
    75 | D        | Learned a level 2 spell: Ensorcelled Hibernation
    75 | D        | Noticed an ogre
    78 | D        | Killed an ogre
    78 | D        | Reached skill level 9 in Stealth
    78 | D        | Reached XP level 3. HP: 16/16 MP: 9/12
    78 | D        | Reached XP level 4. HP: 21/21 MP: 9/13
    93 | D        | Learned a level 3 spell: Confuse
    97 | D        | Learned a level 3 spell: Dazzling Spray
    98 | D        | Noticed Sigmund
   100 | D        | Killed Sigmund
   100 | D        | Reached skill level 11 in Stealth
   100 | D        | Reached XP level 5. HP: 24/24 MP: 11/17
   112 | D        | Found a deep blue altar of Sif Muna.
   114 | D        | Found a radiant altar of Vehumet.
   118 | D        | Reached skill level 12 in Stealth
   118 | D        | Reached XP level 6. HP: 28/28 MP: 14/19
   121 | D        | Found Pow Jomo's General Store.
   121 | D        | Found an ancient bone altar of Kikubaaqudgha.
   121 | D        | Found a hazy altar of Hepliaklqana.
   121 | D        | Found a stormy altar of Qazlal.
   121 | D        | Found a hide-covered altar of Uskayaw.
   121 | D        | Found a blossoming altar of Fedhas.
   121 | D        | Found a bloodstained altar of Trog.
   121 | D        | Found an iron altar of Okawaru.
   121 | D        | Found a basalt altar of Yredelemnul.
   121 | D        | Found a glowing golden altar of the Shining One.
   121 | D        | Found a snail-covered altar of Cheibriados.
   121 | D        | Found a sacrificial altar of Ru.
   121 | D        | Found a glowing silver altar of Zin.
   121 | D        | Found a shadowy altar of Dithmenos.
   121 | D        | Found a white marble altar of Elyvilon.
   121 | D        | Noticed a yak
   122 | D        | Found an opulent altar of Gozag.
   123 | D        | Killed a yak
   123 | D        | Reached skill level 13 in Stealth
   123 | D        | Reached skill level 10 in Spellcasting
   123 | D        | Reached skill level 10 in Hexes
   124 | D        | Found a sparkling altar of Nemelex Xobeh.
   131 | D        | Became a worshipper of Zin the Law-Giver
   131 | D        | Reached * piety under Zin
   131 | D        | Reached ** piety under Zin
   131 | D        | Reached *** piety under Zin
   131 | D        | Reached **** piety under Zin
   131 | D        | Reached ***** piety under Zin
   131 | D        | Reached ****** piety under Zin
   170 | D        | Noticed Sonja
   174 | D        | Killed Sonja
   174 | D        | Reached skill level 15 in Stealth
   174 | D        | Reached XP level 7. HP: 32/32 MP: 20/23
   174 | D        | Reached XP level 8. HP: 36/36 MP: 21/25
   182 | D        | Noticed a deep troll
   186 | D        | Killed a deep troll
   186 | D        | Reached skill level 16 in Stealth
   196 | D        | Found Billaa's Armour Emporium.
   228 | D        | Found Miseutre's Armour Boutique.
   238 | D        | Noticed a shining eye
   238 | D        | Noticed a shining eye
   238 | D        | Noticed a shining eye
   238 | D        | Noticed a shining eye
   238 | D        | Noticed a shining eye
   238 | D        | Noticed a shining eye
   241 | D        | Noticed a shining eye
   241 | D        | Noticed a shining eye
   242 | D        | Killed a shining eye
   242 | D        | Reached skill level 5 in Invocations
   246 | D        | Reached XP level 9. HP: 39/39 MP: 26/26
   248 | D        | Killed a shining eye
   248 | D        | Reached skill level 17 in Stealth
   251 | D        | Killed a shining eye
   251 | D        | Reached skill level 10 in Dodging
   266 | D        | Killed a shining eye
   266 | D        | Reached skill level 18 in Stealth
   273 | D        | Killed a shining eye
   276 | D        | Killed a shining eye
   276 | D        | Reached skill level 15 in Hexes
   276 | D        | Reached XP level 10. HP: 44/44 MP: 27/27
   282 | D        | Killed a shining eye
   287 | D        | Found Tegao's Jewellery Shop.
   287 | D        | Found Zity's Armour Shoppe.
   287 | D        | Found Singeab's Antique Weapon Boutique.
   287 | D        | Found Xofahia's Antique Armour Emporium.
   301 | D        | Bought a distressingly furry cloak for 285 gold pieces
   306 | D        | Identified the +0 cloak of Ceheyt {rN+ Stlth+} (You bought it in a shop in the Dungeon)
   605 | D        | Found a burning altar of Makhleb.
   605 | D        | Found a viscous altar of Jiyva.
   605 | D        | Found a shimmering altar of Xom.
   605 | D        | Found a corrupted altar of Lugonu.
   608 | D        | Reached skill level 19 in Stealth
   647 | D        | Noticed a centaur warrior
   647 | D        | Noticed a centaur warrior
   650 | D        | Killed a centaur warrior
   652 | D        | Killed a centaur warrior
   664 | D        | Reached skill level 20 in Stealth
   664 | D        | Reached skill level 10 in Invocations
   744 | D        | Noticed an oklob plant
   751 | D        | Killed an oklob plant
  1069 | D        | Noticed an unseen horror
  1070 | D        | Noticed an unseen horror
  1076 | D        | Killed an unseen horror
  1076 | D        | Reached XP level 11. HP: 47/47 MP: 28/28
  1078 | D        | Killed an unseen horror
  1106 | D        | Reached skill level 15 in Dodging
  1173 | D        | Gained mutation: You are dopey. (Int -2) [mutagenic glow]
  1931 | D        | Found Hyroaz's Jewellery Shoppe.
  1931 | D        | Found Cacs's General Store.
  1931 | D        | Found Dailyzor's Weapon Boutique.
  1933 | D        | Found Agoz's Magic Scroll Emporium.
  1933 | D        | Found Kohuonn's Magic Scroll Shop.
  1933 | D        | Found Irrunilo's Weapon Shoppe.
  1933 | D        | Found Riegokk's Assorted Antiques.
  1933 | D        | Found Ejeinid's Antique Armour Emporium.
  1933 | D        | Found Qaol's Antique Weapon Shop.
  1933 | D        | Found Onuuloil's Assorted Antiques.
  1934 | D        | Bought the ring of Shadows {Umbra +Inv Stlth+} for 315 gold pieces
  1938 | D        | Found Zodeubba's Jewellery Boutique.
  1939 | D        | Found Xint's Distillery.
  1939 | D        | Found Fuyzujih's Antique Armour Boutique.
  1940 | D        | Found Faetit's General Store.
  1944 | D        | Bought a steaming rapier for 261 gold pieces
  1944 | D        | Identified the +1 rapier of Xom's Reproof {pierce, Str+3} (You bought it in a shop in the Dungeon)
  1957 | D        | Bought a tattered robe for 131 gold pieces
  1967 | D        | Identified the cursed -5 robe of Misfortune {-Cast *Contam *Tele *Drain EV-5 Stlth-- *Curse} (You bought it in a shop in the Dungeon)
  1985 | D        | Bought a scroll of remove curse for 36 gold pieces
  2048 | D        | Gained mutation: Your magical capacity is low. (-10% MP) [mutagenic glow]
  2056 | D        | Reached skill level 21 in Stealth
  2088 | D        | Mangled by a demonic crawler

Skill      XL: |  1  2  3  4  5  6  7  8  9 10 11 |
---------------+----------------------------------+-----
Stealth        | 6 9 11 12 15 16 18 20 21 | 21.0
Spellcasting   | 4 6 9 12 | 12.1
Hexes          | 5 7 9 12 13 15 16 | 16.9
Dodging        | 8 11 14 15 | 15.2
Invocations    | 5 8 10 11 | 11.0
Short Blades   | |  1.1
Evocations     | |  0.6

Action                   |  1- 3 |  4- 6 |  7- 9 | 10-12 || total
-------------------------+-------+-------+-------+-------++-------
Melee: Dagger            |     9 |     4 |    21 |    55 ||    89
       Rapier            |       |       |       |     7 ||     7
 Cast: Ensorcelled Hiber |       |       |       |    12 ||    12
       Confuse           |       |       |       |    10 ||    10
       Dazzling Spray    |       |       |       |     6 ||     6
Invok: Recite            |       |       |     1 |       ||     1
  Use: Potion            |     1 |       |       |     3 ||     4
       Scroll            |       |       |       |     3 ||     3
 Stab: Sleeping          |     2 |     4 |     8 |    18 ||    32
       Confused          |       |       |       |     9 ||     9
Armor: Robe              |       |       |       |     4 ||     4
Dodge: Dodged            |     4 |       |       |   119 ||   123
